 Dungeon Crawl Stone Soup version 0.28.0-53-g5a82cb258f (webtiles) character file.

Game seed: 3606022695898905955

2511 Godmorgon the Basher (level 9, 0/82 HPs)
             Began as a Minotaur Fighter on Aug 15, 2022.
             Was a Believer of Okawaru.
             Slain by a wyvern (3 damage)
             ... on level 7 of the Dungeon.
             The game lasted 00:17:16 (6480 turns).

Godmorgon the Basher (Minotaur Fighter)             Turns: 6480, Time: 00:17:17

Health: 0/82       AC:  9    Str: 24    XL:     9   Next: 28%
Magic:  8/8        EV:  7    Int:  5    God:    Okawaru [**....]
Gold:   294        SH:  4    Dex: 11    Spells: 8/8 levels left

rFire   . . .      SeeInvis .   a - +1 flail (holy)
rCold   . . .      Faith    .   c - +0 buckler
rNeg    . . .      Spirit   .   n - +0 chain mail
rPois   .          Reflect  .   (helmet restricted)
rElec   .          Harm     .   (no cloak)
rCorr   .          Rampage  .   (no gloves)
Will    .....                   (no boots)
Stlth   ..........              (no amulet)
HPRegen 0.23/turn               (no ring)
MPRegen 0.11/turn               (no ring)

@: no status effects
A: horns 2, retaliatory headbutt
a: Renounce Religion, Heroism


You were on level 7 of the Dungeon.
You worshipped Okawaru.
Okawaru was pleased with you.
You visited 2 branches of the dungeon, and saw 8 of its levels.

You collected 294 gold pieces.

Inventory:

Hand Weapons
 a - a +1 flail of holy wrath (weapon)
Missiles
 f - 4 stones
 j - 11 poisoned darts (quivered)
 q - a throwing net
 r - 7 boomerangs
Armour
 c - a +0 buckler (worn)
 n - a +0 chain mail (worn)
Jewellery
 A - a ring of fire
Wands
 d - a wand of digging (4)
 m - a wand of flame (34)
 u - a wand of paralysis (5)
Scrolls
 b - 2 scrolls of teleportation {unknown}
 g - a scroll of vulnerability {unknown}
 i - 3 scrolls of blinking {unknown}
 o - 3 scrolls of identify {unknown}
 p - a scroll of amnesia {unknown}
 v - a scroll of noise {unknown}
 w - a scroll of fog {unknown}
 y - a scroll of fear {unknown}
 B - a scroll of enchant armour {unknown}
Potions
 e - 2 potions of cancellation {unknown}
 h - 3 potions of curing {unknown}
 k - 2 potions of magic {unknown}
 l - 2 potions of flight {unknown}
 s - a potion of mutation {unknown}
 t - 2 potions of invisibility {unknown}
 x - a potion of lignification {unknown}
 z - a potion of heal wounds {unknown}


   Skills:
 + Level 8.5 Fighting
 * Level 11.0 Maces & Flails
 - Level 6.0 Throwing
 - Level 3.6 Armour
 - Level 3.6 Shields


You had 8 spell levels left.
You didn't know any spells.
Your spell library was empty.

Dungeon Overview and Level Annotations

Branches:
Dungeon (7/15)             Temple (1/1) D:5

Altars:
Ashenzari
Cheibriados
Dithmenos
Elyvilon
Fedhas
Gozag
Hepliaklqana
Kikubaaqudgha
Makhleb
Nemelex Xobeh
Okawaru
Qazlal
Ru
Sif Muna
Trog
Uskayaw
Vehumet
Wu Jian
Xom
Yredelemnul
Zin
The Shining One


Innate Abilities, Weirdness & Mutations

You have a pair of horns on your head.
You reflexively headbutt those who attack you in melee.


Message History

The wyvern moves out of view.
You now have 294 gold pieces (gained 17).
A steam dragon comes into view.
The steam dragon hisses angrily.
The wyvern bites you. The wyvern bites you!
You barely miss the wyvern.
You headbutt the wyvern, but do no damage.
The wyvern bites you but does no damage.
You hit the wyvern.
You headbutt the wyvern, but do no damage.
The wyvern is lightly wounded.
The wyvern bites you.
You hit the wyvern but do no damage. You headbutt the wyvern!
The wyvern is heavily wounded.
You block the wyvern's attack. x2
You barely miss the wyvern.
The wyvern is heavily wounded.
The wyvern bites you!
You barely miss the wyvern.
The wyvern is heavily wounded.
The wyvern bites you! The wyvern closely misses you.
You sock the wyvern!
The wyvern is severely wounded.
A lemure comes into view.
The wyvern bites you but does no damage.
The lemure shouts!
You hear a shout! x2
The wyvern bites you!
A lemure comes into view.
The lemure shouts!
The wyvern bites you but does no damage.
An orc comes into view. It is wielding a +0 flail.
The orc shouts!
The wyvern barely misses you. You furiously retaliate!
You headbutt the wyvern. The wyvern bites you! The wyvern bites you!
* * * LOW HITPOINT WARNING * * *
The wyvern bites you!
* * * LOW HITPOINT WARNING * * *
The wyvern bites you.
You die...

######### #.......#
#.#####.# #.# #.#
#...# #.# #.# #.5.#
#.#####.# #...#
#.#.....# #[..#
#....#### #...#
#).5l@#
.##...######.##..#.
.......5.....D....>#
.......##5##.##..#.#
######.##.##.##..#.#
#.##o#......# #
#.##.#..###.#
#.##.#... ..#
...#.#.##


You could see a steam dragon, a wyvern and a lemure.

Vanquished Creatures
  The ghost of Alliumium the Skirmisher, an amateur MiFi (D:5)
  Prince Ribbit (D:5)
  Sigmund (D:5)
  Edmund (D:6)
  A water moccasin (D:6)
  2 ice beasts
  A sky beast (D:5)
  2 black bears
  2 necrophages
  2 ogres
  A centaur (D:6)
  A phantom (D:3)
  A kobold brigand (D:6)
  A gnoll sergeant (D:6)
  A scorpion (D:6)
  A howler monkey (D:6)
  A bullfrog zombie (D:3)
  An orc priest (D:5)
  2 hounds (D:6)
  A water moccasin simulacrum (D:5)
  A jelly (D:5)
  2 iguanas
  A centaur skeleton (D:7)
  A bullfrog simulacrum (D:5)
  A scorpion simulacrum (D:5)
  5 adders
  5 gnolls (D:6)
  2 hound simulacra (D:5)
  A shadow imp (D:5)
  A white imp (D:5)
  A howler monkey simulacrum (D:5)
  An ufetubus (D:6)
  2 adder skeletons
  An adder zombie (D:4)
  2 worms
  3 dart slugs
  10 orcs
  3 endoplasms
  A giant cockroach (D:4)
  4 goblins
  7 hobgoblins
  2 jackals (D:2)
  A quokka (D:3)
  5 ball pythons
  4 bats (D:2)
  2 frilled lizards
  15 kobolds
  3 rats
112 creatures vanquished.

Vanquished Creatures (others)
  A plant (D:5)
1 creature vanquished.

Grand Total: 113 creatures vanquished

Notes
Turn   | Place    | Note
-------+----------+-------------------------------------------
     0 | D:1      | Godmorgon the Minotaur Fighter began the quest for the Orb.
     0 | D:1      | Reached XP level 1. HP: 19/19 MP: 0/0
    86 | D:1      | Reached skill level 3 in Maces & Flails
    86 | D:1      | Reached XP level 2. HP: 20/27 MP: 1/1
   830 | D:2      | Found a faded altar of an unknown god.
   975 | D:2      | Found a shadowy altar of Dithmenos.
  1342 | D:2      | Reached XP level 3. HP: 33/33 MP: 2/2
  1427 | D:2      | Reached skill level 4 in Maces & Flails
  1651 | D:3      | Reached XP level 4. HP: 39/41 MP: 3/3
  1665 | D:3      | Identified the +0 scale mail of Vouniech {-Tele rF- rCorr
                  | Int+7}
  2058 | D:3      | Reached skill level 5 in Maces & Flails
  2357 | D:4      | Noticed a necrophage
  2474 | D:4      | Killed a necrophage
  2475 | D:4      | Reached skill level 5 in Fighting
  2475 | D:4      | Reached skill level 6 in Maces & Flails
  2475 | D:4      | Reached XP level 5. HP: 40/48 MP: 4/4
  2542 | D:4      | Noticed a phantom
  2583 | D:3      | Killed a phantom
  2584 | D:3      | Reached skill level 1 in Throwing
  2584 | D:3      | Reached XP level 6. HP: 23/56 MP: 5/5
  3599 | D:5      | Entered Level 5 of the Dungeon
  3599 | D:5      | Noticed Sigmund
  3600 | D:5      | Noticed Prince Ribbit
  3638 | D:5      | Found a blossoming altar of Fedhas.
  3722 | D:5      | Reached skill level 7 in Maces & Flails
  3722 | D:5      | Reached XP level 7. HP: 45/62 MP: 6/6
  3730 | D:5      | Found a staircase to the Ecumenical Temple.
  3747 | Temple   | Entered the Ecumenical Temple
  4017 | Temple   | Became a worshipper of Warmaster Okawaru
  4217 | D:6      | Noticed Edmund
  4222 | D:6      | Killed Edmund
  4437 | D:6      | Reached * piety under Okawaru
  4438 | D:6      | Reached skill level 8 in Maces & Flails
  4739 | D:6      | Reached XP level 8. HP: 66/71 MP: 4/7
  4778 | D:6      | Paralysed by a gnoll for 3 turns
  5066 | D:6      | Reached skill level 5 in Throwing
  5253 | D:6      | Reached skill level 9 in Maces & Flails
  5301 | D:6      | Found a glowing golden altar of the Shining One.
  5698 | D:5      | Reached ** piety under Okawaru
  5705 | D:5      | Killed Sigmund
  5706 | D:5      | Reached skill level 10 in Maces & Flails
  5708 | D:5      | Reached XP level 9. HP: 48/81 MP: 5/8
  5870 | D:5      | Killed Prince Ribbit
  6039 | D:5      | Noticed Alliumium's ghost (amateur MiFi)
  6122 | D:5      | Found a runed translucent gate.
  6122 | D:5      | Found a runed translucent gate.
  6122 | D:5      | Found a runed translucent gate.
  6194 | D:5      | Killed Alliumium's ghost
  6451 | D:7      | Reached skill level 11 in Maces & Flails
  6479 | D:7      | HP: 3/82 [wyvern (10)]
  6480 | D:7      | Slain by a wyvern

Illustrated notes

Levels and vault maps discovered:
D:1:      lightli_arrival_boilingwater, layout_basic
D:2:      kennysheep_big_flooded_room, layout_loops_ring,
          shapermc_ecumenical_altar_petra, basic_altar
D:3:      wander_river, layout_basic
D:4:      layout_loops_cross, st_stairs_2
D:5:      layout_rooms, fedhas_ov_isle_minmay, minmay_temple_entry_proselytizer,
          gammafunk_ghost_icy, uniq_sigmund, uniq_prince_ribbit1
D:6:      layout_rooms, tso_altar, kennysheep_minor_cross, uniq_edmund
D:7:      kennysheep_steamy, layout_basic, uniq_menkaure, uniq_pikel,
          uniq_duvessa, uniq_harold
Temple:   mainiacjoe_temple_cubbyholes

Skill      XL: |  1  2  3  4  5  6  7  8  9 |
---------------+----------------------------+-----
Maces & Flails | 3 4 6 7 8 10 11 | 11.0
Fighting       | 4 5 6 7 8 |  8.5
Throwing       | 1 2 4 6 |  6.0
Armour         | |  3.6
Shields        | |  3.6

Action                   |  1- 3 |  4- 6 |  7- 9 || total
-------------------------+-------+-------+-------++-------
Melee: Flail             |    71 |   102 |   177 ||   350
       Headbutt          |    10 |    23 |    43 ||    76
Throw: Dart              |       |     2 |    10 ||    12
Invok: Heroism           |       |       |     5 ||     5
  Use: Potion            |       |       |     1 ||     1
Armor: Scale mail        |     6 |       |       ||     6
       Chain mail        |    49 |    62 |    88 ||   199
Dodge: Dodged            |    39 |    41 |    56 ||   136
Block: Buckler           |    22 |    20 |    32 ||    74
